cohdb
Replays
Latest Replays
All Replays
Popular Replays
Top Player Replays
Match Explorer
How It Works
Community
CoH3 Stats
Reddit
Sign in to upload your games and track your stats! →
Sign in with Steam
Match 42614054
Unlisted
Match 42614054
Overview
Messages
Build Orders
End
Construct Infanterie Kompanie
Selects Terror Battlegroup
Selects Machine Gun Camouflage
Grenadier Squad
MG 42 Machine Gun Team
Grenadier Squad
GrW 34 Mortar Team
Construct Luftwaffe Kompanie
221 Scout Car
Jäger Squad
Jäger Squad
Support Elements
Wirbelwind Flakpanzer
Selects Defend the Fatherland
Jäger Squad
Wirbelwind Flakpanzer
Jäger Squad
Jäger Squad
DarTH Vader
ALI
Shlong of Democracy
PresidentBeluga
tweaky
Tanith's Finest
0
0
Comments
sign in to comment!
No comments posted yet!